cohdb
Replays
Latest Replays
All Replays
Popular Replays
Top Player Replays
Match Explorer
How It Works
Community
CoH3 Stats
Reddit
Sign in to upload your games and track your stats! →
Sign in with Steam
Match 44733396
Unlisted
Match 44733396
Overview
Messages
Build Orders
End
Panzergrenadier Squad
Selects Armored Support Battlegroup
250 Light Carrier
250 Light Carrier
Construct Light Support Kompanie
Combat Half-tracks
Assault Grenadier Squad
Fire Support Elements
Selects Superior Fire Drills
Tungsten Core Ammunition
Assault Mechanized Group
Vehicle Survival Package
Selects Salvage Kits
Selects Panzer Storm
Panzerjäger Squad
Panzerpioneer Squad
Construct Panzerarmee Kommand
soda soda
QC
24Kx
Mr.Wu
Blaston
H404.CatfishLover
JT
只出曲线
0
0
Comments
sign in to comment!
No comments posted yet!